 Dungeon Crawl Stone Soup version 0.31-a0-640-g39d97e502b (webtiles) character file.

Game seed: 14742291391170808572

48286 Babbit the Earth Mage (level 14, -1/72 HPs)
             Began as a Gargoyle Earth Elementalist on Aug 23, 2023.
             Was a High Priest of Vehumet.
             Killed by divine providence
             ... invoked by an orc priest
              (13 damage)
             ... on level 1 of the Orcish Mines on Aug 27, 2023.
             The game lasted 03:52:09 (22915 turns).

Babbit the Earth Mage (GrEE)                       Turns: 22915, Time: 03:52:14

Health: -1/72      AC: 24    Str: 11    XL:     14   Next: 45%
Magic:  41/41      EV: 12    Int: 25    God:    Vehumet [*****.]
Gold:   2069       SH:  0    Dex: 10    Spells: 24/41 levels left

rFire   . . .        u - staff of earth
rCold   . . .        (no shield)
rNeg    + . .        O - +1 leather armour "Heuk" {Rampage Int+3}
rPois   ∞            E - +1 helmet
rElec   +            s - +2 cloak {Stlth+}
rCorr   .            G - +2 pair of gloves
SInv    .            T - +0 pair of boots
Will    ++...        o - amulet of the acrobat
Stlth   ++++         k - ring of magical power
HPRegen 0.32/turn    K - ring of willpower
MPRegen 0.27/turn

%: acrobat, rampage
@: flying
A: sickness immunity, AC +10, big wings, negative energy resistance 1,
electricity resistance, torment resistance 1, petrification resistance
a: Renounce Religion


You were on level 1 of the Orcish Mines.
You worshipped Vehumet.
Vehumet was extremely pleased with you.
You visited 4 branches of the dungeon, and saw 19 of its levels.
You also visited: Ossuary.

You collected 2288 gold pieces.
You spent 219 gold pieces at shops.

Inventory:

Hand Weapons
 n - a +4 vampiric quarterstaff
Missiles
 D - 28 boomerangs
Armour
 s - a +2 cloak of stealth (worn)
 E - a +1 helmet (worn)
 G - a +2 pair of gloves (worn)
 O - the +1 leather armour "Heuk" (worn) {Rampage Int+3}
   (You found it on level 1 of the Lair of Beasts)

   Int+3:     It affects your intelligence (+3).
   Rampage:   It bestows one free step when moving towards enemies.
 T - a +0 pair of boots (worn)
Magical Staves
 u - a staff of earth (weapon)
Jewellery
 a - an amulet of guardian spirit
 k - a ring of magical power (left hand)
 m - a ring of fire
 o - an amulet of the acrobat (around neck)
 t - a ring of resist corrosion
 x - a ring of see invisible
 z - a +4 ring of protection
 K - a ring of willpower (right hand)
 U - a ring of positive energy
Talismans
 F - a flux talisman
Wands
 p - a wand of digging (7)
 v - a wand of flame (3)
 N - a wand of roots (14)
 Q - a wand of acid (6) (quivered)
 R - a wand of polymorph (12)
 S - a wand of paralysis (12)
Scrolls
 d - 2 scrolls of poison
 f - 4 scrolls of silence
 g - 3 scrolls of fog
 h - 4 scrolls of fear
 i - 3 scrolls of teleportation
 q - 3 scrolls of revelation
 y - 7 scrolls of identify
 H - 3 scrolls of amnesia
Potions
 b - a potion of magic
 l - a potion of might
 w - 4 potions of lignification
 A - a potion of haste
 B - 2 potions of cancellation
 C - 2 potions of resistance
 I - a potion of brilliance
 J - 4 potions of curing
 M - 5 potions of enlightenment
Miscellaneous
 j - a phantom mirror (inert)


   Skills:
 + Level 2.0 Fighting
 + Level 0.2 Staves
 + Level 4.3 Armour
 + Level 3.8 Dodging
 + Level 5.5 Stealth
 + Level 14.4 Spellcasting
 + Level 11.3 Conjurations
 + Level 1.7 Hexes
 + Level 0.7 Transmutations
 + Level 16.9 Earth Magic
 + Level 2.9 Evocations
 + Level 0.1 Shapeshifting


You had 24 spell levels left.
You knew the following spells:

 Your Spells              Type           Power      Damage    Failure   Level
a - Sandblast             Erth           100%       2d20      0%          1
b - Stone Arrow           Conj/Erth      100%       3d13      1%          3
c - Dazzling Flash        Conj/Hex       100%       N/A       1%          3
d - Fulminant Prism       Conj/Hex       25%        3d14      1%          4
e - Leda's Unmaking       Conj/Erth      46%        9d8       1%          6

Your spell library contained the following spells:

 Spells                   Type           Power      Damage    Failure   Level
 Plasma Beam              Fire/Air       9%         2x1d19    80%         6
 Freeze                   Ice            72%        1d8       1%          1
 Passwall                 Tmut/Erth      63%        N/A       1%          2
 Poisonous Vapours        Pois/Air       36%        N/A       1%          2
 Hailstorm                Conj/Ice       46%        3d11      1%          3
 Iskenderun's Mystic Bla  Conj/Tloc      46%        2d10      1%          4
 Petrify                  Tmut/Erth      76%        N/A       1%          4
 Iskenderun's Battlesphe  Conj           66%        2d12      1%          5
 Sting                    Tmut/Pois      76%        1d6       3%          1
 Frozen Ramparts          Ice            36%        1d6       3%          3
 Volatile Blastmotes      Fire/Tloc      36%        2d13      3%          3
 Apportation              Tloc           36%        N/A       4%          1
 Necrotise                Necr           72%        1d7       4%          1
 Summon Small Mammal      Summ           72%        N/A       4%          1
 Ensorcelled Hibernation  Hex/Ice        44%        N/A       4%          2
 Olgreb's Toxic Radiance  Pois           18%        N/A       11%         4
 Gell's Gravitas          Tloc           18%        N/A       12%         3
 Swiftness                Air            18%        N/A       12%         3
 Teleport Other           Tloc           18%        N/A       12%         3
 Starburst                Conj/Fire      23%        6d8       16%         6
 Lehudib's Crystal Spear  Conj/Erth      46%        10d11     21%         8
 Passage of Golubria      Tloc           18%        N/A       36%         4
 Spellforged Servitor     Conj/Summ      23%        N/A       58%         7
 Silence                  Hex/Air        11%        N/A       61%         5
 Dispersal                Tloc           9%         N/A       99%         6
 Maxwell's Capacitive Co  Air            9%         ∞         100%        8


Dungeon Overview and Level Annotations

Branches:
Dungeon (11/15)            Temple (1/1) D:6            Lair (5/5) D:10
  Swamp (0/4) Lair:3        Snake (0/4) Lair:3        Slime (0/5) Lair:4
    Orc (2/2) D:10            Elf (0/3) Orc:2       Ossuary (visited)

Altars:
Ashenzari
Cheibriados
Dithmenos
Elyvilon
Fedhas
Gozag
Hepliaklqana
Kikubaaqudgha
Makhleb
Nemelex Xobeh
Okawaru
Qazlal
Ru
Sif Muna
Trog
Uskayaw
Vehumet
Wu Jian
Xom
Yredelemnul
Zin
The Shining One
Jiyva

Shops:
D:1 ?![   D:4 *   D:5 ?   Orc:1 =

Annotations:
Lair:3 3 runed translucent doors, Dittersdorf's ghost, journeyman GrFi


Innate Abilities, Weirdness & Mutations

You are immune to sickness and miasma.
Your stone body is resilient. (AC +10)
You are immune to poison.
Your large and strong wings let you fly.
You resist negative energy. (rN+)
You are resistant to electric shocks. (rElec)
You are resistant to unholy torment.
You are immune to petrification.


Message History

The red devil hits you from afar with a +0 trident!
* * * LOW HITPOINT WARNING * * *
Barbed spikes become lodged in your body.
You see here a +0 trident.
You feel much better.
As you read the scroll of teleportation, it crumbles to dust.
You feel strangely unstable.
The red devil hits you but does no damage.
The orc priest hits you but does no damage.
The orc high priest calls upon Beogh to heal the orc high priest.
The orc high priest is healed somewhat.
The sun demon closely misses you.
Casting: Stone Arrow (safe; 1% risk of failure)
Confirm with . or Enter, or press ? or * to list all spells.
Casting: Dazzling Flash (safe; 1% risk of failure)
Press: ? - help, Dir - look around, f - activate You can't see that place. [a rock wall.]
The sun demon is dazzled.
The orc priest is dazzled.
The hellwing is dazzled.
The red devil is dazzled.
The orc knight is dazzled.
The orc high priest is dazzled.
The orc sorcerer is dazzled.
The orc priest miscasts a cantrip.
The red devil hits you but does no damage.
The orc priest curses noisily.
The orc priest closely misses you. The sun demon hits you!
* * * LOW HITPOINT WARNING * * *
You are engulfed in flames!
* * * LOW HITPOINT WARNING * * *
Okay, then.
Your surroundings suddenly seem different.
Okay, then.
You carefully extract the barbed spikes from your body.
There is a stone staircase leading up here.
You fly upwards.
Reactivating autopickup.
The orc wizard shouts! x2; The orc priest shouts!
The orc shouts!
The orc warrior shouts!
An orc comes into view. It is wielding a +0 hand axe.
The orc priest mumbles some strange prayers to Beogh against you.
Beogh smites you!
You die...

...#..o# .. .
.#o...## ..
..#......##. ##
......#o... ..#
...$...... ....
......... ...o.
##......#oo....
#......@......#
..........o..##
.............#
...............
...............
###
.....#......#..
#.##
............. .
...#
.......#....#.
#.##


You could see an orc warrior, an orc priest, 2 orc wizards and 3 orcs.

Vanquished Creatures
  An azure jelly (Lair:4)
  An orc warlord (Orc:1)
  2 fire dragons (Lair:5)
  A hydra (Lair:5)
  The ghost of BubbleThief the Fighter, a journeyman OpSh of Hepliaklqana (D:10)
  3 two-headed ogres
  2 boulder beetles
  A deep troll earth mage (D:10)
  Sonja (D:11)
  5 skysharks
  A swamp dragon (Lair:5)
  2 lindwurms (Lair:5)
  2 orc sorcerers (Orc:1)
  An orc knight (Orc:1)
  A deep elf pyromancer (D:8)
  3 cyclopes
  3 elephants (Lair:4)
  5 torpor snails (Lair:5)
  3 black mambas
  Maggie (D:7)
  10 cane toads
  A rime drake (Lair:1)
  Psyche (D:8)
  7 komodo dragons
  2 trolls
  11 blink frogs
  3 tyrant leeches (Lair:5)
  8 hornets
  A polar bear (Lair:4)
  5 slime creatures (Lair:4)
  31 yaks
  2 shadows
  7 wyverns
  A wraith (D:8)
  10 basilisks
  11 steam dragons
  3 nagas (Lair:3)
  3 vampire mosquitoes
  Menkaure (D:4)
  3 wargs
  9 water moccasins
  2 acid dragons (Lair:5)
  22 orc warriors
  A sky beast (D:8)
  3 black bears
  4 ogres
  3 centaurs
  4 wolves (Lair:2)
  A phantom (D:7)
  5 kobold brigands
  12 bullfrogs
  A gnoll sergeant (D:7)
  7 scorpions (Ossuary)
  8 wights
  5 killer bees (D:8)
  5 howler monkeys
  3 centaur zombies (Ossuary)
  3 hounds
  7 jellies
  A gnoll bouda (D:7)
  A sleepcap (D:4)
  3 human zombies (Ossuary)
  11 orc priests
  16 iguanas
  Crazy Yiuf (D:2)
  3 scorpion zombies (Ossuary)
  Terence (D:2)
  14 orc wizards
  3 mummies (Ossuary)
  6 gnolls (D:7)
  6 adders
  A shadow imp (D:6)
  An ufetubus (D:5)
  A worm (D:2)
  A dart slug (D:2)
  68 orcs
  7 endoplasms
  3 giant cockroaches (D:1)
  A gnoll zombie (Ossuary)
  7 goblins
  6 hobgoblins
  16 kobolds
  3 quokkas
  9 ball pythons
  5 bats
  3 frilled lizards
  2 goblin zombies (Ossuary)
  3 hobgoblin zombies (Ossuary)
  4 kobold zombies (Ossuary)
  2 orc zombies (Ossuary)
  3 rats (D:1)
  A spectral hobgoblin (D:6)
479 creatures vanquished.

Vanquished Creatures (others)
  A vampire mosquito (Lair:3)
  8 fulminant prisms
9 creatures vanquished.

Grand Total: 488 creatures vanquished

Notes
Turn   | Place    | Note
-------+----------+-------------------------------------------
     0 | D:1      | Babbit the Gargoyle Earth Elementalist began the quest for
                  | the Orb.
     0 | D:1      | Reached XP level 1. HP: 10/10 MP: 3/3
    77 | D:1      | Found Elare's Magic Scroll Shoppe.
   163 | D:1      | Reached skill level 4 in Earth Magic
   163 | D:1      | Reached XP level 2. HP: 15/15 MP: 3/5
   365 | D:1      | Found Fuppurch's Armour Boutique.
   642 | D:1      | Found Polaud's Distillery.
   906 | D:1      | Reached XP level 3. HP: 19/19 MP: 4/6
   925 | D:1      | You fall into a shaft and drop 1 floor!
  1182 | D:1      | Bought a scroll of identify for 24 gold pieces
  1397 | D:2      | Found a hazy altar of Hepliaklqana.
  1548 | D:2      | Found a runed translucent door.
  1548 | D:2      | Noticed Terence
  1557 | D:2      | Killed Terence
  1558 | D:2      | Reached XP level 4. HP: 17/24 MP: 0/8
  1628 | D:2      | Noticed Crazy Yiuf
  1636 | D:2      | Killed Crazy Yiuf
  1776 | D:3      | Noticed a kobold brigand
  1803 | D:3      | Killed a kobold brigand
  1804 | D:3      | Reached skill level 5 in Earth Magic
  1804 | D:3      | Reached XP level 5. HP: 28/28 MP: 2/10
  2452 | D:4      | Noticed Menkaure
  2456 | D:4      | Killed Menkaure
  2457 | D:4      | Reached skill level 1 in Fighting
  2457 | D:4      | Reached skill level 6 in Earth Magic
  2457 | D:4      | Reached XP level 6. HP: 14/34 MP: 6/12
  2545 | D:4      | Found a glowing golden altar of the Shining One.
  2642 | D:4      | Found Punipaid's Overcharged Wands.
  2672 | D:4      | Learned a level 3 spell: Stone Arrow
  2821 | D:5      | Entered Level 5 of the Dungeon
  3159 | D:5      | Reached XP level 7. HP: 38/38 MP: 12/14
  3205 | D:5      | Reached skill level 7 in Earth Magic
  3243 | D:5      | Reached skill level 5 in Spellcasting
  3452 | D:5      | Found Ineanleb's Magic Scroll Shoppe.
  3460 | D:5      | Bought a scroll of blinking for 105 gold pieces
  3957 | D:6      | Reached skill level 8 in Earth Magic
  3957 | D:6      | Reached XP level 8. HP: 43/43 MP: 13/16
  4195 | D:6      | Found a staircase to the Ecumenical Temple.
  4201 | Temple   | Entered the Ecumenical Temple
  4308 | Temple   | Became a worshipper of Vehumet
  4358 | D:6      | Found a hazy altar of Hepliaklqana.
  4712 | D:7      | Noticed Maggie
  4718 | D:7      | Killed Maggie
  4719 | D:7      | Reached skill level 9 in Earth Magic
  4729 | D:7      | Reached XP level 9. HP: 37/47 MP: 5/20
  4974 | D:7      | Reached * piety under Vehumet
  4974 | D:7      | Offered knowledge of Freeze by Vehumet.
  4997 | D:7      | Reached skill level 10 in Earth Magic
  5219 | D:7      | Found a sand-covered staircase.
  5223 | Ossuary  | Entered an ossuary
  5321 | Ossuary  | Offered knowledge of Scorch by Vehumet.
  5343 | Ossuary  | Reached ** piety under Vehumet
  5444 | Ossuary  | Reached skill level 11 in Earth Magic
  5799 | D:8      | Upgraded the game from 0.31-a0-620-gd1cbd99268 to
                  | 0.31-a0-626-g8143ab4f1d
  5816 | D:8      | Noticed Psyche
  5820 | D:8      | Killed Psyche
  5821 | D:8      | Reached XP level 10. HP: 41/52 MP: 22/23
  6031 | D:8      | Offered knowledge of Mephitic Cloud by Vehumet.
  6113 | D:8      | Found an ornate altar of the Wu Jian Council.
  6273 | D:8      | Reached skill level 1 in Conjurations
  6285 | D:8      | Reached skill level 12 in Earth Magic
  6520 | D:8      | Found a sparkling altar of Nemelex Xobeh.
  6520 | D:8      | Found a blossoming altar of Fedhas.
  6528 | D:8      | Found a basalt altar of Yredelemnul.
  6530 | D:8      | Found a glowing silver altar of Zin.
  6532 | D:8      | Found a sacrificial altar of Ru.
  6675 | D:8      | Reached *** piety under Vehumet
  6684 | D:8      | Noticed a cyclops
  6732 | D:8      | Noticed a deep elf pyromancer
  6735 | D:8      | Killed a deep elf pyromancer
  6736 | D:8      | Reached skill level 10 in Spellcasting
  6801 | D:8      | Found the +8 frozen axe "Frostbite" {freeze, freezing
                  | cloud, *Noise Fly rC+}
  6811 | D:8      | Reached skill level 5 in Stealth
  6844 | D:8      | Killed a cyclops
  6845 | D:8      | Reached skill level 1 in Evocations
  6924 | D:8      | Learned a level 3 spell: Dazzling Flash
  7053 | D:9      | Offered knowledge of Frozen Ramparts by Vehumet.
  7166 | D:8      | Reached XP level 11. HP: 52/56 MP: 24/25
  7457 | D:9      | Noticed a two-headed ogre
  7513 | D:8      | Killed a two-headed ogre
  7514 | D:8      | Reached skill level 13 in Earth Magic
  7656 | D:9      | Reached **** piety under Vehumet
  7819 | D:9      | Found a shimmering altar of Xom.
  8075 | D:9      | Noticed a two-headed ogre
  8080 | D:9      | Killed a two-headed ogre
  8328 | D:10     | Entered Level 10 of the Dungeon
  8350 | D:9      | Offered knowledge of Airstrike by Vehumet.
  8637 | D:10     | Found a runed translucent door.
  9033 | D:9      | Reached skill level 5 in Conjurations
  9714 | D:10     | Noticed a two-headed ogre
  9723 | D:10     | Killed a two-headed ogre
  9962 | D:10     | Found a staircase to the Orcish Mines.
 10084 | D:10     | Noticed a deep troll earth mage
 10086 | D:10     | Noticed BubbleThief's ghost (journeyman OpSh)
 10313 | D:10     | Found a staircase to the Lair.
 10683 | D:11     | Noticed a cyclops
 10769 | D:11     | Killed a cyclops
 11025 | D:11     | Noticed a boulder beetle
 11033 | D:11     | Killed a boulder beetle
 11034 | D:11     | Reached skill level 14 in Earth Magic
 11034 | D:11     | Reached XP level 12. HP: 62/62 MP: 18/27
 11224 | D:11     | Noticed Sonja
 11247 | D:11     | Killed Sonja
 11525 | D:11     | Reached skill level 1 in Hexes
 11567 | D:11     | Learned a level 4 spell: Fulminant Prism
 11942 | Lair:1   | Entered Level 1 of the Lair of Beasts
 12546 | Lair:1   | Identified the +1 leather armour "Heuk" {Rampage Int+3}
 12755 | Lair:1   | Reached skill level 1 in Armour
 13519 | Lair:1   | Reached ***** piety under Vehumet
 13519 | Lair:1   | Offered knowledge of Conjure Ball Lightning by Vehumet.
 13528 | Lair:1   | Learned a level 6 spell: Leda's Unmaking
 14651 | Lair:2   | Reached XP level 13. HP: 66/66 MP: 30/30
 15416 | Lair:3   | Noticed Dittersdorf's ghost (journeyman GrFi)
 15416 | Lair:3   | Found a runed translucent gate.
 15416 | Lair:3   | Found a runed translucent gate.
 15416 | Lair:3   | Found a runed translucent gate.
 15530 | D:10     | Reached skill level 15 in Earth Magic
 15536 | D:10     | Killed BubbleThief's ghost
 15746 | Lair:3   | Identified the +0 leather armour of Riukut {Rampage rN++
                  | Will- Stlth+}
 15864 | Lair:3   | Found a staircase to the Swamp.
 16148 | Lair:3   | You fall into a shaft and drop 2 floors!
 16148 | Lair:5   | Entered Level 5 of the Lair of Beasts
 16152 | Lair:4   | Found a staircase to the Slime Pits.
 16152 | Lair:4   | Found a viscous altar of Jiyva.
 16287 | Lair:3   | Upgraded the game from 0.31-a0-626-g8143ab4f1d to
                  | 0.31-a0-631-g285b096dc4
 16576 | Lair:3   | Found a staircase to the Snake Pit.
 16694 | Lair:4   | Noticed an azure jelly
 17864 | Lair:4   | Upgraded the game from 0.31-a0-631-g285b096dc4 to
                  | 0.31-a0-640-g39d97e502b
 17998 | Lair:4   | Killed an azure jelly
 17999 | Lair:4   | Reached skill level 10 in Conjurations
 18527 | Lair:5   | Reached skill level 16 in Earth Magic
 19244 | Lair:5   | Noticed a fire dragon
 19253 | Lair:5   | Killed a fire dragon
 19526 | Lair:5   | Gained mutation: Your large and strong wings let you fly.
                  | [Gargoyle growth]
 19526 | Lair:5   | Reached XP level 14. HP: 71/71 MP: 32/32
 20080 | Lair:5   | Found a runed translucent door.
 20348 | Lair:5   | Offered knowledge of Plasma Beam by Vehumet.
 20870 | Orc:1    | Entered Level 1 of the Orcish Mines
 20910 | Orc:1    | Noticed an orc warlord
 21213 | Orc:1    | Killed an orc warlord
 21487 | Orc:1    | Found Peasytoxt's Jewellery Shoppe.
 21819 | D:1      | Bought a scroll of enchant armour for 90 gold pieces
 22005 | Orc:2    | Entered Level 2 of the Orcish Mines
 22016 | Orc:1    | Paralysed by an orc sorcerer for 4 turns
 22728 | Orc:2    | Found a staircase to the Elven Halls.
 22915 | Orc:1    | Killed from afar by an orc priest

Illustrated notes

Levels and vault maps discovered:
D:1:      nzn_arrival_settlement, layout_basic, serial_shops, shop, shop,
          nicolae_shop_tiny_real_fake_doors
D:2:      layout_rooms, basic_altar, uniq_crazy_yiuf_cottage, uniq_terence
D:3:      layout_rooms
D:4:      layout_basic, mainiacjoe_overflow_small_starburst,
          nicolae_shop_overcharged_wands, uniq_menkaure
D:5:      layout_basic, serial_shops, nicolae_shop_tiny_waterfront,
          nrook_loot_triangle
D:6:      layout_loops_ring, nicolae_hepliaklqana_monster_ancestors,
          minmay_temple_entry_hall
D:7:      layout_rooms, enter_ossuary_5, uniq_maggie
D:8:      layout_basic, chequers_temple_overflow_minitemple, lemuel_tele_altar,
          minmay_misc_feat_four_crosses, minmay_pinched_square, uniq_psyche
D:9:      layout_roguey [special_room_orc],
          mainiacjoe_overflow_concentric_impassable
D:10:     layout_layer_cave, david_lair_generic, david_orc_1_choice,
          ebering_ghost_inner_flame, minmay_misc_feat_alley
D:11:     layout_long_grid, hangedman_abyss_or_decor_clamps, uniq_sonja
Temple:   cyrus_circular_temple
Lair:1:   beast_lair_carwin_large_1, layout_regular_city,
          nicolae_lair_grove_arrangements
Lair:2:   layout_layer_cave, grunt_megastairs_1
Lair:3:   layout_roguey, minmay_swamp_entry_swarm, nicolae_snake_entry_squirm,
          gammafunk_ghost_split, lemuel_old_faithful
Lair:4:   layout_misc_corridors, minmay_slime_entry_pillars,
          portal_ice_cave_entry_pillars_2, nicolae_lair_time_for_slime
Lair:5:   guppyfry_lair_end_dragon, layout_misc_corridors, wormcave,
          chequers_serial_rivers_small_3
Orc:1:    layout_caves, serial_shops, nicolae_shop_rolling_square, uniq_erica
Orc:2:    st_orc_elflike, layout_caves, basic_altar

Skill      XL: |  1  2  3  4  5  6  7  8  9 10 11 12 13 14 |
---------------+-------------------------------------------+-----
Earth Magic    | 4 5 6 8 9 11 12 14 16 | 16.9
Spellcasting   | 3 4 5 7 9 10 11 13 14 | 14.4
Fighting       | 1 2 |  2.0
Dodging        | 2 3 |  3.8
Stealth        | 3 4 5 |  5.5
Conjurations   | 3 6 8 10 11 | 11.3
Evocations     | 1 2 |  2.9
Hexes          | 1 |  1.7
Armour         | 3 4 |  4.3
Staves         | |  0.2
Transmutations | |  0.7
Shapeshifting  | |  0.1

Action                     |  1- 3 |  4- 6 |  7- 9 | 10-12 | 13-15 || total
---------------------------+-------+-------+-------+-------+-------++-------
  Melee: Unarmed           |    12 |       |       |       |       ||    12
         Staff             |       |       |     1 |     7 |    35 ||    43
         Punch             |       |       |       |       |     1 ||     1
   Cast: Sandblast         |    57 |    54 |   161 |    22 |     4 ||   298
         Stone Arrow       |       |       |     3 |   309 |   399 ||   711
         Dazzling Flash    |       |       |       |     3 |     1 ||     4
         Fulminant Prism   |       |       |       |     5 |     3 ||     8
  Evoke: Wand              |       |       |     2 |    50 |    19 ||    71
         Phantom mirror    |       |       |       |       |     2 ||     2
    Use: Scroll            |     2 |     7 |     9 |    16 |    11 ||    45
         Potion            |     1 |     1 |     1 |     4 |     7 ||    14
   Stab: Sleeping          |     1 |       |       |       |       ||     1
 Armour: Robe              |     5 |     9 |    48 |    58 |       ||   120
         Leather armour    |       |       |       |    12 |   135 ||   147
  Dodge: Dodged            |    16 |    14 |    55 |   111 |   127 ||   323
   Form: Beast             |     1 |       |       |       |       ||     1
                           |       |     1 |       |       |       ||     1

Table legend: (Time is in decaauts)
 A = Elapsed time spent in this place.
 B = Non-inter-level travel time spent in this place.
 C = Inter-level travel time spent in this place.
 D = Time resting spent in this place.
 E = Time spent auto-exploring this place.
 F = Levels seen in this place.
 G = Mean time per level.
                   A        B        C        D        E       F      G
               +--------+--------+--------+--------+--------+-----+--------+
         Total |  23139 |  22017 |   1122 |   7169 |   6949 |  20 | 1156.9 |
       Dungeon |  12474 |  11731 |    743 |   3398 |   4260 |  11 | 1134.0 |
        Temple |    120 |    116 |      4 |      0 |      0 |   1 |  120.0 |
          Lair |   8747 |   8388 |    359 |   2986 |   2368 |   5 | 1749.4 |
  Orcish Mines |   1413 |   1398 |     15 |    769 |    321 |   2 |  706.5 |
       Ossuary |    384 |    384 |      0 |     16 |      0 |   1 |  384.0 |
               +--------+--------+--------+--------+--------+-----+--------+

Top non-repeatable levels by time:
    D:10: 2639 daAuts
  Lair:5: 2366 daAuts
  Lair:1: 1921 daAuts
  Lair:2: 1827 daAuts
     D:8: 1731 daAuts
  Lair:4: 1332 daAuts
  Lair:3: 1299 daAuts
     D:9: 1290 daAuts
    D:11: 1168 daAuts
     D:1: 1112 daAuts
     D:5: 1074 daAuts
     D:6: 781 daAuts
     D:7: 776 daAuts
   Orc:1: 768 daAuts
     D:2: 730 daAuts
